 Dungeon Crawl Stone Soup version 0.31-a0-150-g89dc3ad700 (webtiles) character file.

Game seed: 3341090618154138458

135 qw the Shooter (level 4, -4/39 HPs)
             Began as a Minotaur Hunter on June 8, 2023.
             Was an Initiate of Okawaru.
             Slain by a gnoll
             ... wielding a +0 halberd
              (8 damage)
             ... on level 6 of the Dungeon.
             The game lasted 00:00:52 (1850 turns).

qw the Shooter (Minotaur Hunter)                    Turns: 1850, Time: 00:00:53

Health: -4/39      AC: 10    Str: 15    XL:     4   Next: 97%
Magic:  3/3        EV: 11    Int:  6    God:    Okawaru [......]
Gold:   194        SH:  0    Dex: 16    Spells: 3/3 levels left

rFire   . . .        Y - +0 shortbow
rCold   + + .        (shield currently unavailable)
rNeg    . . .        l - +1 ring mail {rC+}
rPois   .            i - +2 hat
rElec   .            (no cloak)
rCorr   .            n - +1 pair of gloves
SInv    .            (no boots)
Will    .....        e - amulet of faith
Stlth   +            m - ring of protection from cold
HPRegen 0.26/turn    (no ring)
MPRegen 0.08/turn

%: faith
@: about to teleport
A: horns 2, retaliatory headbutt
a: Renounce Religion


You were on level 6 of the Dungeon.
You worshipped Okawaru.
Okawaru was noncommittal.
You visited 2 branches of the dungeon, and saw 5 of its levels.

You collected 194 gold pieces.


Innate Abilities, Weirdness & Mutations

You have a pair of horns on your head.
You reflexively headbutt those who attack you in melee.


   Skills:
 + Level 3.6 Fighting
 - Level 6.3 Ranged Weapons
 - Level 1.0 Armour
 - Level 2.1 Dodging
 - Level 0.7 Stealth


You had 3 spell levels left.
You didn't know any spells.
Your spell library was empty.

Inventory:

Hand Weapons
 Y - a +0 shortbow (weapon)
Armour
 i - a +2 hat (worn)
 l - a +1 ring mail of cold resistance (worn)
 n - a +1 pair of gloves (worn)
Jewellery
 e - an amulet of faith (around neck)
 m - a ring of protection from cold (left hand)
Scrolls
 a - a scroll of identify
 h - a scroll of teleportation
Potions
 c - 2 potions of might
 d - a potion of curing
 j - 3 potions of resistance
 k - a potion of heal wounds {unknown}
 o - a potion of ambrosia {unknown}

Dungeon Overview and Level Annotations

Branches:
Dungeon (6/15)             Temple (1/1) D:6

Altars:
Ashenzari
Cheibriados
Elyvilon
Fedhas
Gozag
Hepliaklqana
Kikubaaqudgha
Makhleb
Okawaru
Qazlal
Ru
Sif Muna
Trog
Uskayaw
Vehumet
Wu Jian
Xom
Yredelemnul
Zin
The Shining One


Message History

An adder comes into view.
You shoot an arrow. The arrow hits the gnoll.
The gnoll is heavily wounded.
The gnoll hits you from afar with a +0 halberd!
The gnoll closely misses you.
You shoot an arrow. The arrow hits the adder!
The adder is severely wounded.
The adder bites you but does no damage. The gnoll completely misses you.
You shoot an arrow.
The arrow hits the adder but does no damage.
The adder is severely wounded.
The adder bites you but does no damage.
The gnoll hits you from afar with a +0 halberd!
The adder bites you but does no damage.
You shoot an arrow. The arrow closely misses the adder.
The adder bites you.
The gnoll hits you from afar with a +0 halberd.
You shoot an arrow. The arrow hits the adder.
The adder is severely wounded.
The adder barely misses you.
The gnoll hits you from afar with a +0 halberd.
The adder barely misses you.
You shoot an arrow. The arrow misses the adder.
The gnoll hits you from afar with a +0 halberd.
The adder bites you. The gnoll closely misses you.
1847 ||| READING 2 scrolls of teleportation.
As you read the scroll of teleportation, it crumbles to dust.
You feel strangely unstable. The adder barely misses you.
The adder completely misses you. The gnoll closely misses you.
You shoot an arrow. The arrow closely misses the adder.
The adder barely misses you. The gnoll barely misses you.
You shoot an arrow. The arrow misses the adder.
The adder closely misses you. The gnoll hits you but does no damage.
The adder bites you but does no damage.
You shoot an arrow. The arrow hits the adder.
The adder is almost dead.
The adder bites you but does no damage.
The gnoll hits you from afar with a +0 halberd!
You die...

##. ####
#.. #.#
...###.#
#.#
#...#.###.#
#.........#
#.........#
#.........#
#....@)...#
#.>.S.....#
###.#g###.#
#..g###.#
#.####..#


gg. #.## ..g. ##%### ..... #....# ..... #....# You could see 2 gnolls and an
adder.

Vanquished Creatures
  A hound (D:6)
  A gnoll (D:6)
  4 adders
  An ufetubus (D:6)
  A worm (D:2)
  A dart slug (D:3)
  4 endoplasms
  2 giant cockroaches
  12 goblins
  4 hobgoblins
  7 kobolds
  A quokka (D:2)
  6 bats
  6 rats
51 creatures vanquished.

Notes
Turn   | Place    | Note
-------+----------+-------------------------------------------
     0 | D:1      | qw the Minotaur Hunter began the quest for the Orb.
     0 | D:1      | Reached XP level 1. HP: 18/18 MP: 0/0
     0 | D:1      | 0 ||| qw: Version: 0.2-a-120-gdf1a93b
     0 | D:1      | 0 ||| qw: Game counter: 2983
     0 | D:1      | 0 ||| qw: Always use a shield: true
     0 | D:1      | 0 ||| qw: God list: Okawaru
     0 | D:1      | 0 ||| qw: Allow faded altars: false
     0 | D:1      | 0 ||| qw: Do Orc after D:15 true
     0 | D:1      | 0 ||| qw: Do second Lair branch before Depths: true
     0 | D:1      | 0 ||| qw: Lair rune preference: random
     0 | D:1      | 0 ||| qw: Plans: Normal
     0 | D:1      | 0 ||| PLANNING D:1-11
   158 | D:1      | Reached XP level 2. HP: 25/25 MP: 1/1
   189 | D:1      | Reached skill level 5 in Ranged Weapons
   393 | D:1      | Reached skill level 3 in Fighting
   551 | D:1      | Found a faded altar of an unknown god.
   611 | D:1      | 611 ||| UPGRADING to +0 ring mail.
   621 | D:1      | 621 ||| DROPPING +0 leather armour.
   622 | D:1      | 622 ||| UPGRADING to +1 hat.
   627 | D:1      | 627 ||| READING 4 scrolls labelled OTU JEETE BIXE.
   628 | D:1      | 628 ||| READING 3 scrolls labelled CAHAJE KEDEUCU.
   629 | D:1      | 629 ||| READING 2 scrolls of enchant armour.
   629 | D:1      | 629 ||| ENCHANTING +1 hat.
   630 | D:1      | 630 ||| READING scroll labelled RIEPHI LOZUDEB.
   631 | D:1      | 631 ||| DRINKING 2 yellow potions.
   632 | D:1      | 632 ||| READING 3 scrolls of identify.
   632 | D:1      | 632 ||| IDENTIFYING fizzy silvery potion
   633 | D:1      | 633 ||| READING 2 scrolls of identify.
   633 | D:1      | 633 ||| IDENTIFYING bubbling purple potion
   634 | D:1      | 634 ||| DROPPING scroll of butterflies.
   635 | D:1      | 635 ||| DROPPING potion of magic.
   637 | D:1      | 637 ||| Stepping ~*~*~tactically~*~*~ (cloud).
   783 | D:2      | Reached skill level 1 in Armour
   783 | D:2      | Reached XP level 3. HP: 31/31 MP: 2/2
  1127 | D:2      | 1127 ||| UPGRADING to amulet of faith.
  1132 | D:2      | 1132 ||| READING scroll labelled TULAIG VODY.
  1233 | D:2      | 1233 ||| READING 3 scrolls labelled FEMAGG MUNUH.
  1236 | D:2      | 1236 ||| READING scroll labelled WINOEN JUAKK.
  1237 | D:2      | 1237 ||| READING 2 scrolls of identify.
  1237 | D:2      | 1237 ||| IDENTIFYING puce potion
  1305 | D:3      | 1305 ||| FLEEEEING.
  1374 | D:3      | Found a hide-covered altar of Uskayaw.
  1375 | D:3      | Found a glowing golden altar of the Shining One.
  1375 | D:3      | Found a basalt altar of Yredelemnul.
  1451 | D:3      | Reached XP level 4. HP: 38/38 MP: 3/3
  1487 | D:3      | Found a radiant altar of Vehumet.
  1592 | D:3      | You fall into a shaft and drop 3 floors!
  1592 | D:6      | Found a staircase to the Ecumenical Temple.
  1593 | D:6      | 1593 ||| PLANNING TEMPLE
  1593 | D:6      | 1593 ||| UPGRADING to +1 ring mail of cold resistance.
  1603 | D:6      | 1603 ||| DROPPING +0 ring mail.
  1604 | D:6      | 1604 ||| UPGRADING to +0 pair of gloves.
  1609 | D:6      | 1609 ||| READING scroll of enchant armour.
  1609 | D:6      | 1609 ||| ENCHANTING +0 pair of gloves.
  1610 | D:6      | 1610 ||| UPGRADING to ring of protection from cold.
  1611 | D:6      | 1611 ||| READING scroll labelled LENLAA KIGASAG.
  1617 | Temple   | Entered the Ecumenical Temple
  1625 | Temple   | 1625 ||| PLANNING OKAWARU WORSHIP
  1724 | Temple   | Became a worshipper of Warmaster Okawaru
  1724 | Temple   | 1724 ||| PLANNING D:1-11
  1763 | D:6      | Reached skill level 6 in Ranged Weapons
  1832 | D:6      | 1832 ||| Stepping ~*~*~tactically~*~*~ (outnumbered).
  1835 | D:6      | 1835 ||| Stepping ~*~*~tactically~*~*~ (outnumbered).
  1846 | D:6      | HP: 5/39 [gnoll/+0 halberd (6)]
  1847 | D:6      | 1847 ||| READING 2 scrolls of teleportation.
  1850 | D:6      | Slain by a gnoll

Levels and vault maps discovered:
D:1:      minmay_arrival_radiant_lines, layout_loops_ring,
          chequers_ecumenical_altar_simple
D:2:      layout_rooms, minmay_tromino_v2
D:3:      layout_loops_ring, nicolae_overflow_quartered_altars,
          amcnicky_altar_gilded
D:6:      layout_rooms, minmay_temple_entry_trees, serial_park_tiny_1
Temple:   nicolae_temple_superstar

Skill      XL: |  1  2  3  4 |
---------------+-------------+-----
Ranged Weapons | 5 6 |  6.3
Fighting       | 3 |  3.6
Armour         | 1 |  1.0
Dodging        | |  2.1
Stealth        | |  0.7

Action                     |  1- 3 |  4- 6 || total
---------------------------+-------+-------++-------
   Fire: Shortbow          |   105 |    55 ||   160
    Use: Scroll            |    10 |     3 ||    13
         Potion            |     1 |       ||     1
 Armour: Leather armour    |     4 |       ||     4
         Ring mail         |     4 |    24 ||    28
  Dodge: Dodged            |    21 |    33 ||    54

Table legend:
 A = Non-vault XP
 B = Vault XP
 C = Vault XP percentage of total XP
 D = Non-vault monster count
 E = Vault monster count
 F = Vault count percentage of total count
                 A         B        C        D         E       F
            +---------+---------+-------+---------+---------+-------
      Total |     190 |       4 |   2.1 |      49 |       2 |   3.9
            +---------+---------+-------+---------+---------+-------
        D:1 |      34 |       0 |   0.0 |      21 |       0 |   0.0
        D:2 |      39 |       4 |   9.3 |      15 |       2 |  11.8
        D:3 |      38 |       0 |   0.0 |       9 |       0 |   0.0
        D:6 |      79 |       0 |   0.0 |       4 |       0 |   0.0
            +---------+---------+-------+---------+---------+-------
